 Dungeon Crawl Stone Soup version 0.24.0-125-gc4c63601f3 (webtiles) character file.

Game seed: 13014063105324546904, levelgen mode: deterministic

9363 Dustman the Fighter (level 11, -3/100 HPs)
             Began as a Ghoul Gladiator on Mar 9, 2020.
             Was a High Priest of Makhleb.
             Killed from afar by an ice statue (13 damage)
             ... with a shard of ice
             ... in an ice cave.
             The game lasted 00:54:47 (5059 turns).

Dustman the Fighter (Ghoul Gladiator)               Turns: 5059, Time: 00:54:48

Health: -3/100     AC: 22    Str: 19    XL:     11   Next: 45%
Magic:  12/12      EV: 14    Int:  3    God:    Makhleb [*****.]
Gold:   474        SH:  0    Dex: 21    Spells: 10/10 levels left

rFire    . . .     SeeInvis .   v - +0 scimitar
rCold    + . .     Gourm    .   (no shield)
rNeg     + + +     Faith    .   u - +0 plate armour
rPois    ∞         Spirit   .   c - +1 helmet
rElec    .         Reflect  .   h - +0 cloak
rCorr    .         Harm     .   s - +2 pair of gloves
MR       .....                  j - +0 pair of boots
Stlth    ..........             i - amulet of the acrobat
HPRegen  0.00/turn              o - +3 ring of dexterity
MPRegen  0.13/turn              (no ring)

@: agile, rotting
A: rotting body, claws 1, carnivore, cold resistance 1, negative energy
resistance 3, inhibited regeneration, torment resistance, unbreathing
a: Minor Destruction, Lesser Servant of Makhleb, Major Destruction, Greater
Servant of Makhleb, Renounce Religion


You were in an ice cave.
You worshipped Makhleb.
Makhleb was extremely pleased with you.
You were not hungry.

You visited 3 branches of the dungeon, and saw 13 of its levels.
You also visited: Ossuary and Ice Cave.

You collected 474 gold pieces.

Inventory:

Hand Weapons
 v - a +0 scimitar (weapon)
Missiles
 d - 2 throwing nets (quivered)
Armour
 c - a +1 helmet (worn)
 h - a +0 cloak (worn)
 j - a +0 pair of boots (worn)
 s - a +2 pair of gloves (worn)
 u - a +0 plate armour (worn)
Jewellery
 i - an amulet of the acrobat (around neck)
 o - a +3 ring of dexterity (left hand)
Wands
 g - a wand of iceblast (10)
 p - a wand of digging (6)
Scrolls
 e - 6 scrolls of teleportation
 l - a scroll of acquirement {unknown}
 n - a scroll of remove curse
 t - 2 scrolls of fog {unknown}
Potions
 b - 5 potions of flight
 k - a potion of cancellation
 m - 2 potions of resistance
 w - a potion of magic
 x - a potion of invisibility
Comestibles
 f - 11 rations


   Skills:
 + Level 10.2 Fighting
 + Level 9.0 Long Blades
 - Level 2.0 Throwing
 + Level 8.3 Armour
 + Level 4.4 Dodging
 - Level 4.2 Stealth
 + Level 3.8 Invocations
 + Level 3.2 Evocations


You had 10 spell levels left.
You didn't know any spells.
Your spell library contained the following spells:

 Spells                   Type           Power        Failure   Level  Hunger
 Sandblast                Erth           #.....       100%        1    ##.....
 Passwall                 Tmut/Erth      #.......     100%        2    ###....
 Stone Arrow              Conj/Erth      #.....       100%        3    ####...
 Petrify                  Tmut/Erth      #.......     100%        4    #####..
 Lee's Rapid Deconstruct  Erth           #.........   100%        5    ######.


Dungeon Overview and Level Annotations

Branches:
Dungeon (11/15)            Temple (1/1) D:5            Lair (0/6) D:10
    Orc (1/2) D:9         Ossuary (visited)           IceCv (1/1)

Altars:
Ashenzari
Cheibriados
Dithmenos
Elyvilon
Gozag
Hepliaklqana
Kikubaaqudgha
Makhleb
Nemelex Xobeh
Okawaru
Qazlal
Sif Muna
Trog
Uskayaw
Vehumet
Xom
Yredelemnul
Zin
The Shining One

Shops:
D:6 :

Annotations:
D:4 Edmund
D:6 2 transporters, 1 runed translucent door, Crazy Yiuf; hurston's ghost, novice GrFi
D:8 Maurice IceCv 1 transporter, exclusion: ice statue


Innate Abilities, Weirdness & Mutations

Your body is rotting away.
You thrive on raw meat.
You are immune to poison.
You have sharp fingernails.
You are carnivorous and can eat meat at any time.
Your flesh is cold resistant. (rC+)
You are immune to negative energy. (rN+++)
You do not regenerate when monsters are visible.
You are immune to unholy pain and torment.
You can survive without breathing.


Message History

Your orange demon stings the ice statue.
Your orange demon hits the ice statue.
The ice beast hits you but does no damage. x3
You are engulfed in freezing vapours.
You resist.
* * * LOW HITPOINT WARNING * * *
Your orange demon stings the ice statue but does no damage.
Your orange demon hits the ice statue.
The ice statue looks weaker.
The ice beast closely misses your orange demon.
You see here an ugly thing corpse.
You hit the ice statue.
The ice statue is severely damaged.
You are engulfed in freezing vapours.
You resist.
* * * LOW HITPOINT WARNING * * *
Your orange demon stings the ice beast from afar!
The ice beast dies!
The ice beast hits your orange demon.
The ice beast freezes your orange demon!
The ice statue gestures at you. The shard of ice hits you!
You partially resist.
You die...

#####
###...####
##........##
#...○.°....##
#....°Y.....##
#.8.Y8@......#
#$.[.4.......#
#©:.$....©.∩.#
#).[.........#
#.8..........#
#...........##
#..........##
##........##
###...####


You could see an ice statue, 2 ice beasts and a friendly orange demon.

Vanquished Creatures
  A two-headed ogre (D:11)
  2 ugly things (IceCv)
  A centaur zombie (D:10)
  A troll (D:11)
  2 hippogriffs
  A wraith (D:10)
  6 yaks (D:11)
  2 hungry ghosts
  A warg (D:9)
  A soldier ant (D:11)
  4 orc warriors
  3 sky beasts
  2 black bears (D:7)
  9 ice beasts
  2 phantoms
  2 necrophages (D:10)
  4 ogres
  6 centaurs
  A big kobold (D:7)
  5 bullfrogs
  A water moccasin zombie (Ossuary)
  A wyvern skeleton (D:5)
  3 scorpions
  A water moccasin skeleton (D:11)
  13 wights
  3 jellies
  2 howler monkeys
  2 crimson imps
  5 orc priests
  5 hounds
  7 orc wizards
  2 iguanas
  2 bullfrog skeletons
  11 worker ants
  2 big kobold zombies (Ossuary)
  A hound zombie (D:7)
  2 hound skeletons
  2 mummies (Ossuary)
  A howler monkey zombie (D:8)
  5 gnolls
  2 worker ant zombies
  11 adders
  2 shadow imps (D:7)
  3 adder zombies (Ossuary)
  An adder skeleton (D:7)
  A worm (D:2)
  A dart slug (D:2)
  4 leopard geckos
  35 orcs
  3 bats
  A giant cockroach (D:4)
  4 gnoll zombies (Ossuary)
  8 goblins
  3 hobgoblins
  2 jackals (D:6)
  2 quokkas
  2 ball pythons
  4 frilled lizards
  6 hobgoblin zombies (Ossuary)
  9 kobolds
  8 kobold zombies (Ossuary)
  2 leopard gecko zombies
  2 orc zombies (Ossuary)
  6 rats
249 creatures vanquished.

Vanquished Creatures (collateral kills)
  An ice statue (IceCv)
1 creature vanquished.

Grand Total: 250 creatures vanquished

Notes
Turn   | Place    | Note
-------+----------+-------------------------------------------
     0 | D:1      | Dustman the Ghoul Gladiator began the quest for the Orb.
     0 | D:1      | Reached XP level 1. HP: 17/17 MP: 0/0
     2 | D:1      | Noticed a vine stalker
     2 | D:1      | Noticed a felid
     4 | D:1      | Noticed a centaur
     6 | D:1      | Noticed a gargoyle
     6 | D:1      | Noticed a ghoul
     8 | D:1      | Noticed a vampire
    10 | D:1      | Noticed a tengu
    10 | D:1      | Noticed a halfling
    12 | D:1      | Noticed an octopode
    12 | D:1      | Noticed an ogre
    14 | D:1      | Noticed a draconian
    14 | D:1      | Noticed a dwarf
    16 | D:1      | Noticed a demonspawn
    18 | D:1      | Noticed an elf
    18 | D:1      | Noticed a human
    20 | D:1      | Noticed a spriggan
    20 | D:1      | Noticed a troll
    22 | D:1      | Noticed a naga
    22 | D:1      | Noticed a formicid
    24 | D:1      | Noticed a merfolk
    24 | D:1      | Noticed a demigod
    26 | D:1      | Noticed a minotaur
    77 | D:1      | Reached XP level 2. HP: 25/25 MP: 1/1
   216 | D:1      | Reached skill level 1 in Armour
   259 | D:2      | Found a shattered altar of Ashenzari.
   270 | D:1      | Reached XP level 3. HP: 19/30 MP: 2/2
   415 | D:2      | Reached skill level 3 in Fighting
   443 | D:2      | Reached XP level 4. HP: 33/38 MP: 3/3
   572 | D:3      | Noticed a centaur
   583 | D:3      | Killed a centaur
   583 | D:3      | Reached XP level 5. HP: 24/46 MP: 4/4
   759 | D:4      | Reached skill level 4 in Fighting
   769 | D:4      | Reached XP level 6. HP: 11/52 MP: 5/5
   795 | D:4      | Noticed Edmund
   829 | D:5      | Entered Level 5 of the Dungeon
   976 | D:5      | Found a staircase to the Ecumenical Temple.
  1060 | D:4      | Reached XP level 7. HP: 24/60 MP: 6/6
  1192 | D:4      | Reached skill level 5 in Fighting
  1366 | Temple   | Entered the Ecumenical Temple
  1371 | Temple   | Became a worshipper of Makhleb the Destroyer
  1630 | D:6      | Found a transporter.
  1630 | D:6      | Found a transporter.
  1630 | D:6      | Noticed hurston's ghost (novice GrFi)
  1634 | D:6      | Noticed a hungry ghost
  1645 | D:6      | Reached skill level 5 in Long Blades
  1735 | D:6      | Found a snail-covered altar of Cheibriados.
  1735 | D:6      | Found a white marble altar of Elyvilon.
  1775 | D:6      | Found Izxuek's Book Emporium.
  1878 | D:7      | Reached XP level 8. HP: 60/70 MP: 7/7
  1909 | D:7      | Reached skill level 6 in Fighting
  1920 | D:7      | Found a bloodstained altar of Trog.
  2027 | D:7      | Reached skill level 5 in Armour
  2073 | D:7      | Found a glowing golden altar of the Shining One.
  2127 | D:7      | Reached * piety under Makhleb
  2191 | D:8      | Noticed Maurice
  2292 | D:8      | Noticed a hippogriff
  2305 | D:8      | Killed a hippogriff
  2305 | D:8      | Reached skill level 7 in Fighting
  2313 | D:8      | Found a sand-covered staircase.
  2322 | Ossuary  | Entered an ossuary
  2350 | Ossuary  | Reached XP level 9. HP: 65/79 MP: 8/8
  2467 | Ossuary  | Reached ** piety under Makhleb
  2884 | D:6      | Found a runed translucent door.
  2885 | D:6      | Noticed Crazy Yiuf
  3030 | D:8      | Reached skill level 8 in Fighting
  3091 | D:9      | Found a staircase to the Orcish Mines.
  3229 | D:10     | Entered Level 10 of the Dungeon
  3254 | D:9      | Reached *** piety under Makhleb
  3419 | D:9      | Reached skill level 9 in Fighting
  3419 | D:9      | Reached XP level 10. HP: 49/91 MP: 9/9
  3884 | Orc:1    | Entered Level 1 of the Orcish Mines
  4168 | D:10     | Reached **** piety under Makhleb
  4188 | D:10     | Reached skill level 1 in Stealth
  4251 | D:10     | Reached skill level 1 in Invocations
  4283 | D:10     | Reached skill level 1 in Evocations
  4324 | D:10     | Found a staircase to the Lair.
  4660 | D:11     | Noticed a two-headed ogre
  4678 | D:11     | Killed a two-headed ogre
  4678 | D:11     | Reached skill level 10 in Fighting
  4678 | D:11     | Reached XP level 11. HP: 33/99 MP: 10/12
  4754 | D:11     | Reached ***** piety under Makhleb
  4886 | D:11     | Found a frozen archway.
  4901 | IceCv    | Entered an ice cave
  4901 | IceCv    | Noticed a white ugly thing
  4932 | IceCv    | Killed a white ugly thing
  4974 | IceCv    | Found a transporter.
  5025 | IceCv    | Noticed a white ugly thing
  5027 | IceCv    | Found a transporter.
  5049 | IceCv    | Killed a white ugly thing
  5059 | IceCv    | Killed from afar by an ice statue

Levels and vault maps discovered:
D:1:      kb_arrival_jail, layout_basic
D:2:      layout_basic, fedhas_altar_2, ashenzari_conservatory_becter,
          minitemple, first_ration, minmay_tripent
D:3:      layout_rooms, hangedman_decor_slide_cut
D:4:      layout_loops_cross, grunt_ministairs_14, uniq_edmund
D:5:      layout_loops_corners, minmay_temple_entry_ruins
D:6:      layout_loops_ring, amethyst_overflow_temple_binary,
          gammafunk_ghost_mausoleum, serial_shops, nicolae_shop_statue_plus,
          uniq_crazy_yiuf_cottage
D:7:      layout_loops_corners, tso_oasis_becter, trog_ov_bears_minmay
D:8:      layout_gridville, chequers_ossuary_entry_cave, uniq_maurice
D:9:      layout_loops_ring, david_orc_3, the_bakery
D:10:     layout_irregular_city, lair_entry_dummy, serial_column_ruins,
          column_ruins_open_small, column_ruins_corridor_dead_end,
          column_ruins_open_small, column_ruins_open_large,
          column_ruins_corridor_dead_end
D:11:     layout_grid_maze, portal_ice_cave_entry_pillars_1,
          kennysheep_decorative_pillar
Temple:   minmay_freezing_vapour_temple
Orc:1:    layout_diamond_mine, serial_shops, shop, shop_fountains
IceCv:    ice_cave_statue_garden_transporter

Skill      XL: |  1  2  3  4  5  6  7  8  9 10 11 |
---------------+----------------------------------+-----
Long Blades    | 3 4 5 6 7 8 9 |  9.0
Armour         | 1 2 3 4 5 7 8 |  8.3
Fighting       | 3 4 5 7 9 10 | 10.2
Throwing       | 2 |  2.0
Stealth        | 3 4 |  4.2
Dodging        | 3 4 |  4.4
Invocations    | 2 3 |  3.8
Evocations     | 2 3 |  3.2

Action                   |  1- 3 |  4- 6 |  7- 9 | 10-12 || total
-------------------------+-------+-------+-------+-------++-------
Melee: Long sword        |    72 |   120 |   603 |   202 ||   997
       Scimitar          |       |       |       |   348 ||   348
Throw: Throwing net      |       |     3 |     1 |       ||     4
Invok: Lesser Servant of |       |       |       |     4 ||     4
Evoke: Wand              |       |       |       |     1 ||     1
  Use: Potion            |       |     2 |     6 |     6 ||    14
       Scroll            |       |       |     9 |     3 ||    12
 Stab: Held in net/web   |       |     1 |       |       ||     1
       Invisible         |       |       |    10 |     4 ||    14
       Distracted        |       |       |       |     1 ||     1
  Eat: Chunk             |     5 |    13 |    46 |    30 ||    94
Armor: Leather armour    |     7 |       |       |       ||     7
       Ring mail         |    20 |    16 |       |       ||    36
       Scale mail        |       |    28 |   248 |    57 ||   333
       Plate armour      |       |       |       |   276 ||   276
Dodge: Dodged            |    55 |    78 |   343 |   297 ||   773
       Rpst.: Long sword |    23 |    21 |    84 |    29 ||   157
       Scimitar          |       |       |       |    61 ||    61
